cohdb
Replays
Latest Replays
All Replays
Popular Replays
Top Player Replays
Match Explorer
How It Works
Community
CoH3 Stats
Reddit
Sign in to upload your games and track your stats! →
Sign in with Steam
Match 44733301
Unlisted
Match 44733301
Overview
Messages
Build Orders
End
Kettenkrad Recon Vehicle
Construct Infanterie Kompanie
Selects Breakthrough Battlegroup
Selects Assault Grenadiers
MG 42 Machine Gun Team
Grenadier Squad
Grenadier Squad
GrW 34 Mortar Team
Construct Panzergrenadier Kompanie
251 Medium Carrier
251 Medium Carrier
Selects Smoke Bombing Run
251 Medium Carrier
Pioneer Squad
Construct Panzer Kompanie
Selects Incendiary Bombing Run
Incendiary Bombing Run
Stoßtruppen Squad
Panzer IV Medium Tank
Pak 40 Anti-tank Gun Team
Selects Rapid Production
Incendiary Bombing Run
Panzer IV Medium Tank
Kettenkrad Recon Vehicle
Selects Blitzkrieg
Stoßtruppen Squad
Incendiary Bombing Run
Stoßtruppen Squad
高磊
Futurn
microsoftboy
咳嗽到死
Enashi
matrix4x4
Smitty2
2nd~Armor~Cluster
0
0
Comments
sign in to comment!
No comments posted yet!